 Dungeon Crawl Stone Soup version 0.31-a0-177-g4aa6249778 (webtiles) character file.

Game seed: 7303545594570498698

75 mopl the Trooper (level 4, 0/35 HPs)
             Began as a Demonspawn Fighter on June 18, 2023.
             Was a Believer of Cheibriados.
             Slain by a gnoll
             ... wielding a +0 flail
              (5 damage)
             ... on level 2 of the Dungeon.
             The game lasted 00:01:53 (1026 turns).

mopl the Trooper (Demonspawn Fighter)               Turns: 1026, Time: 00:01:54

Health: 0/35       AC:  8    Str: 21    XL:     4   Next: 11%
Magic:  0/4        EV: 10    Int: 17    God:    Cheibriados [**....]
Gold:   101        SH:  5    Dex: 17    Spells: 3/3 levels left

rFire   . . .        k - +0 broad axe
rCold   . . .        c - +0 buckler
rNeg    . . .        b - +0 scale mail
rPois   .            (no helmet)
rElec   .            (no cloak)
rCorr   .            (no gloves)
SInv    .            l - +1 pair of boots
Will    .....        j - amulet of guardian spirit Stlth
                     (no ring)
HPRegen 0.25/turn    (no ring)
MPRegen 0.09/turn

%: guardian spirit
@: very slow
A: demonic magic 1, weakness stinger 1
a: Renounce Religion, Bend Time


You were on level 2 of the Dungeon.
You worshipped Cheibriados.
Cheibriados was pleased with you.
You visited 1 branch of the dungeon, and saw 2 of its levels.

You collected 101 gold pieces.

Inventory:

Hand Weapons
 k - a +0 broad axe (weapon)
Armour
 b - a +0 scale mail (worn)
 c - a +0 buckler (worn)
 l - a +1 pair of boots (worn)
Jewellery
 a - a ring of ice
 j - an amulet of guardian spirit (around neck)
Scrolls
 e - 2 scrolls of noise {unknown}
 g - 2 scrolls of identify {unknown}
Potions
 d - 2 potions of might
 f - a potion of resistance {unknown}
 h - a potion of heal wounds {unknown}
 i - a potion of curing {unknown}
 m - a potion of enlightenment {unknown}


   Skills:
 + Level 3.4 Fighting
 * Level 2.4 Axes
 + Level 3.1 Armour
 + Level 1.3 Dodging
 + Level 2.9 Shields
 + Level 1.3 Invocations


You had 3 spell levels left.
You didn't know any spells.
Your spell library contained the following spells:

 Spells                   Type           Power      Damage    Failure   Level
 Ensorcelled Hibernation  Hex/Ice        0%         N/A       75%         2
 Passwall                 Tmut/Erth      0%         N/A       75%         2
 Swiftness                Air            0%         N/A       93%         3


Dungeon Overview and Level Annotations

Branches:
Dungeon (2/15)

Altars:
Cheibriados


Innate Abilities, Weirdness & Mutations

Spells you cast may paralyse adjacent enemies.
You have a small tail.


Message History

Found a stone staircase leading down.
The gnoll barely misses you.
A quokka comes into view.
A hobgoblin comes into view.
The gnoll hits you with a +0 spear. The gnoll barely misses you.
The gnoll hits you from afar with a +0 spear.
You slash the gnoll!
The gnoll is heavily wounded.
You slash the gnoll! You block the gnoll's attack.
The gnoll hits you from afar with a +0 spear!
The gnoll hits you with a +0 flail!
You are too injured to fight recklessly!
You are too injured to fight recklessly!
You are too injured to fight recklessly!
You are too injured to fight recklessly!
You are too injured to fight recklessly!
You are too injured to fight recklessly!
You are too injured to fight recklessly!
You are too injured to fight recklessly!
You are too injured to fight recklessly!
You are too injured to fight recklessly!
You are too injured to fight recklessly!
Unknown command.
You hit the gnoll but do no damage.
The gnoll is heavily wounded.
You hit the gnoll. The gnoll hits you but does no damage.
The gnoll hits you with a +0 flail. The gnoll hits you but does no damage.
The gnoll barely misses you.
The gnoll hits you from afar with a +0 spear.
* * * LOW HITPOINT WARNING * * *
The gnoll hits you with a +0 spear.
* * * LOW HITPOINT WARNING * * *
The gnoll barely misses you.
A dart slug comes into view.
The gnoll hits you with a +0 spear.
* * * LOW HITPOINT WARNING * * *
You block the gnoll's attack.
The quokka bites you but does no damage.
The gnoll hits you with a +0 spear.
* * * LOW HITPOINT WARNING * * *
You block the gnoll's attack. The gnoll hits you with a +0 flail.
You die...

# # .############# ##.
#.......#... #..
#.#####.#.##
#.#.##.#####.#.## #####.
#......##...## ..##..gg##
##..##........
.....ggr@###...#####.....
>w##...g#.#.#..........##
####.##.##.######...#
#.##.##.# #...# #.##.##.#
#...# #........ #...#
#........#####...##
##.#.###..)........
.#......)........


You could see 4 gnolls, a dart slug (wandering), a quokka and a hobgoblin.

Vanquished Creatures
  2 adders (D:2)
  2 worms (D:2)
  A dart slug (D:2)
  3 ball pythons (D:1)
  6 bats
  4 endoplasms
  3 giant cockroaches
  6 goblins
  3 hobgoblins
  3 jackals (D:1)
  3 kobolds
  2 quokkas
  4 frilled lizards
  A rat (D:1)
43 creatures vanquished.

Notes
Turn   | Place    | Note
-------+----------+-------------------------------------------
     0 | D:1      | mopl the Demonspawn Fighter began the quest for the Orb.
     0 | D:1      | Reached XP level 1. HP: 18/18 MP: 1/1
    80 | D:1      | Reached skill level 2 in Axes
    85 | D:1      | Gained mutation: Spells you cast may paralyse adjacent
                  | enemies. [demonic ancestry]
    85 | D:1      | Reached XP level 2. HP: 23/24 MP: 2/2
   101 | D:1      | Found a faded altar of an unknown god.
   107 | D:1      | Prayed at the altar of an unknown god.
   107 | D:1      | Became a worshipper of Cheibriados the Contemplative
   107 | D:1      | Reached * piety under Cheibriados
   676 | D:1      | Reached ** piety under Cheibriados
   677 | D:1      | Reached XP level 3. HP: 29/29 MP: 3/3
   791 | D:2      | Reached skill level 3 in Armour
   801 | D:2      | Reached skill level 1 in Dodging
   828 | D:2      | Reached skill level 1 in Invocations
   871 | D:2      | Gained mutation: You have a small tail. [demonic ancestry]
   871 | D:2      | Reached XP level 4. HP: 35/35 MP: 4/4
  1026 | D:2      | Slain by a gnoll

Illustrated notes

Levels and vault maps discovered:
D:1:      arrival_zaba_pyramid, layout_loops_ring,
          ebering_ecumenical_altar_mist, grunt_decor_arrowhead,
          minmay_octomino_c4
D:2:      layout_loops_cross

Skill      XL: |  1  2  3 |
---------------+----------+-----
Axes           | 2 |  2.4
Armour         | 3 |  3.1
Dodging        | 1 |  1.3
Invocations    | 1 |  1.3
Fighting       | |  3.4
Shields        | |  2.9

Action                     |  1- 3 |  4- 6 || total
---------------------------+-------+-------++-------
  Melee: War axe           |    71 |       ||    71
         Broad axe         |    22 |     9 ||    31
         Tailslap          |       |     1 ||     1
 Armour: Scale mail        |    83 |    10 ||    93
  Dodge: Dodged            |    56 |     9 ||    65
  Block: Buckler           |    30 |     5 ||    35

Table legend: (Time is in decaauts)
 A = Elapsed time spent in this place.
 B = Non-inter-level travel time spent in this place.
 C = Inter-level travel time spent in this place.
 D = Time resting spent in this place.
 E = Time spent auto-exploring this place.
 F = Levels seen in this place.
 G = Mean time per level.
                   A        B        C        D        E       F      G
               +--------+--------+--------+--------+--------+-----+--------+
         Total |   1417 |   1375 |     42 |      0 |   1053 |   2 |  708.5 |
       Dungeon |   1417 |   1375 |     42 |      0 |   1053 |   2 |  708.5 |
               +--------+--------+--------+--------+--------+-----+--------+

Top non-repeatable levels by time:
     D:1: 1061 daAuts
     D:2: 356 daAuts
